 Dungeon Crawl Stone Soup version 0.20.0-15-g7f486f2 (webtiles) character file.

480 nataq the Skirmisher (level 6, 0/50 HPs)
             Began as a Demonspawn Gladiator on June 12, 2017.
             Was an Initiate of Cheibriados.
             Slain by a phantom (2 damage)
             ... on level 4 of the Dungeon.
             The game lasted 00:05:17 (3007 turns).

nataq the Skirmisher (Demonspawn Gladiator)         Turns: 3007, Time: 00:05:17

Health: 0/50       AC:  4    Str: 14 (15) XL:     6   Next: 86%
Magic:  6/6        EV: 14    Int: 10      God:    Cheibriados [......]
Gold:   143        SH:  0    Dex: 18      Spells: 5/5 levels left

rFire    + . .     SeeInvis +   a - +0 long sword
rCold    + . .     Gourm    .   (no shield)
rNeg     . . .     Faith    .   b - +0 leather armour
rPois    .         Spirit   .   w - +0 helmet
rElec    .         Reflect  .   (no cloak)
rCorr    .         Harm     .   (no gloves)
MR       +....                  (no boots)
Stlth    +.........             j - amulet of magic regeneration
Regen    0.2/turn               l - ring of see invisible
MPRegen  0.2/turn               x - ring of protection from magic

@: very slow
A: hooves 1, cold resistance 1, deterioration 1, fire resistance 1, sense
surroundings 1, spiny 1
a: Bend Time, Renounce Religion


You were on level 4 of the Dungeon.
You worshipped Cheibriados.
Cheibriados was noncommittal.
You were hungry.

You visited 2 branches of the dungeon, and saw 5 of its levels.

You collected 143 gold pieces.

Inventory:

Hand Weapons
 a - a +0 long sword (weapon)
Missiles
 d - 3 throwing nets (quivered)
Armour
 b - a +0 leather armour (worn)
 c - a +0 helmet
 w - a +0 helmet (worn)
Jewellery
 e - an uncursed amulet of regeneration {unknown}
 j - an amulet of magic regeneration (around neck)
 l - a ring of see invisible (left hand)
 o - a +4 ring of dexterity {unknown}
 x - a ring of protection from magic (right hand)
Scrolls
 g - a scroll of random uselessness
 i - a scroll of remove curse
 k - a scroll of teleportation
 m - 2 scrolls of magic mapping {unknown}
 n - 6 scrolls of identify
 p - 3 scrolls of recharging {unknown}
 r - 2 scrolls of noise {unknown}
 t - a scroll of amnesia {unknown}
 u - a scroll of enchant armour {unknown}
Potions
 h - a potion of flight
Books
 s - a book of Cantrips

   Spells                             Type                      Level
   a - Confusing Touch                Hexes                        1
   b - Animate Skeleton               Necromancy                   1
   c - Summon Small Mammal            Summoning                    1
   d - Apportation                    Translocation                1
Comestibles
 f - 7 bread rations
 q - a royal jelly
 v - 2 meat rations


   Skills:
 + Level 4.8 Fighting
 + Level 4.3 Long Blades
 - Level 1.7 Throwing
 + Level 4.6 Dodging


You had 5 spell levels left.
You didn't know any spells.

Dungeon Overview and Level Annotations

Branches:
Dungeon (4/15)             Temple (1/1) D:4

Altars:
Cheibriados
Dithmenos
Elyvilon
Gozag
Qazlal
Yredelemnul
Zin


Innate Abilities, Weirdness & Mutations

You are partially covered in sharp spines.
You have large cloven feet.
Your flesh is cold resistant. (rC+)
Your body sometimes deteriorates upon taking damage.
Your flesh is heat resistant. (rF+)
You passively map a small area around you.


Message History

You completely miss the ogre. You kick the ogre, but do no damage.
The ogre is heavily wounded.
The ogre is struck by your spines. The ogre hits you with a giant club!!
* * * LOW HITPOINT WARNING * * *
Unknown command.
You slash the ogre! You kick the ogre, but do no damage.
The ogre is almost dead.
The ogre is struck by your spines.
You kill the ogre!
Cheibriados thoroughly appreciates the change of pace.
You feel your dexterity returning.
Unknown command.
Okay, then.
You closely miss the phantom. You kick the phantom, but do no damage.
The phantom is lightly damaged.
The phantom barely misses you.
You hit the phantom. You kick the phantom, but do no damage.
The phantom is lightly damaged.
The phantom hits you.
You die...

, * #.........# ,
,###[........# #.
,#...........#
#...#.#.#.......##
#.............>..##############
#...###.#####..#...............
#., #.# #..################ ,,
###<### ##.# ,,#.....# #@# ####
#...).#..)W....# ######..>
#.....#........# #......##
#.....#.......%# #.........
################ ##########


You could see a phantom.

Vanquished Creatures
  A water moccasin (D:3)
  An ogre (D:4)
  A scorpion (D:4)
  A hound (D:4)
  A gnoll shaman (D:4)
  An orc wizard (D:4)
  4 gnolls (D:4)
  4 adders
  An ooze (D:2)
  An adder skeleton (D:4)
  A worm (D:2)
  2 dart slugs
  2 leopard geckos
  8 orcs
  6 goblins
  8 hobgoblins
  3 jackals (D:1)
  2 quokkas
  2 ball pythons
  7 bats
  4 frilled lizards
  9 kobolds
  A quokka skeleton (D:4)
  5 rats
76 creatures vanquished.

Notes
Turn   | Place    | Note
-------+----------+-------------------------------------------
     0 | D:1      | nataq the Demonspawn Gladiator began the quest for the Orb.
     0 | D:1      | Reached XP level 1. HP: 16/16 MP: 1/1
    70 | D:1      | Gained mutation: You are partially covered in sharp spines. [demonic ancestry]
    70 | D:1      | Reached XP level 2. HP: 18/23 MP: 2/2
   759 | D:2      | Reached XP level 3. HP: 23/28 MP: 3/3
  1388 | D:2      | Reached XP level 4. HP: 32/35 MP: 4/4
  2242 | D:3      | Found a glowing silver altar of Zin.
  2248 | D:3      | Found a basalt altar of Yredelemnul.
  2249 | D:3      | Found a shadowy altar of Dithmenos.
  2305 | D:3      | Noticed a water moccasin
  2313 | D:3      | Gained mutation: Your flesh is heat resistant. (rF+) [potion of mutation]
  2313 | D:3      | Gained mutation: Your body sometimes deteriorates upon taking damage. [potion of mutation]
  2313 | D:3      | Gained mutation: You are agile. (Dex +2) [potion of mutation]
  2313 | D:3      | Gained mutation: You have large cloven feet. [potion of mutation]
  2318 | D:3      | Killed a water moccasin
  2318 | D:3      | Reached XP level 5. HP: 32/42 MP: 5/5
  2369 | D:3      | Lost mutation: Your body sometimes deteriorates upon taking damage. [potion of mutation]
  2369 | D:3      | Lost mutation: You are agile. (Dex +2) [potion of mutation]
  2369 | D:3      | Gained mutation: Your body sometimes deteriorates upon taking damage. [potion of mutation]
  2369 | D:3      | Gained mutation: Your flesh is cold resistant. (rC+) [potion of mutation]
  2369 | D:3      | Gained mutation: You passively map a small area around you. [potion of mutation]
  2476 | D:4      | Reached XP level 6. HP: 27/48 MP: 6/6
  2837 | D:4      | Found a staircase to the Ecumenical Temple.
  2861 | Temple   | Entered the Ecumenical Temple
  2865 | Temple   | Became a worshipper of Cheibriados the Contemplative
  3004 | D:4      | HP: 1/49 [ogre/giant club (20)]
  3007 | D:4      | Slain by a phantom

Skill      XL: |  1  2  3  4  5  6 |
---------------+-------------------+-----
Dodging        | 3 4 |  4.6
Long Blades    | 3 4 |  4.3
Fighting       | 3 4 |  4.8
Throwing       | |  1.7

Action                   |  1- 3 |  4- 6 || total
-------------------------+-------+-------++-------
Melee: Long sword        |    66 |    99 ||   165
       Kick              |       |    23 ||    23
  Use: Potion            |       |     8 ||     8
       Scroll            |       |     5 ||     5
 Stab: Sleeping          |     1 |     2 ||     3
  Eat: Chunk             |     1 |     5 ||     6
Armor: Leather armour    |    14 |    25 ||    39
Dodge: Dodged            |    48 |    75 ||   123
       Rpst.: Long sword |    16 |    24 ||    40
